 Dungeon Crawl Stone Soup version 0.29.0-13-gc9e81de378 (webtiles) character file.

Game seed: 18097862622460349678

154 freelancePsychic the Digger (level 5, 0/38 HPs)
             Began as a Meteoran Earth Elementalist on Sept 11, 2022.
             Was an Initiate of Ashenzari.
             Slain by a rat (1 damage)
             ... summoned by Eustachio
             ... on level 4 of the Dungeon.
             The game lasted 00:03:41 (419 turns).

freelancePsychic the Digger (MeEE)                   Turns: 419, Time: 00:03:41

Health: 0/38       AC:  2    Str:  9      XL:     5   Next: 94%
Magic:  1/10       EV: 12    Int: 18      God:    Ashenzari [......]
Gold:   41         SH:  0    Dex: 12 (15) Spells: 5/9 levels left

rFire   . . .      SeeInvis .   (no weapon)
rCold   . . .      Faith    .   (no shield)
rNeg    . . .      Spirit   .   a - +0 robe
rPois   .          Reflect  .   (no helmet)
rElec   .          Harm     .   (no cloak)
rCorr   .          Rampage  .   (no gloves)
Will    .....                   (no boots)
Stlth   +.........              (no amulet)
HPRegen 0.12/turn               (no ring)
MPRegen 0.12/turn               (no ring)

@: very slightly contaminated, glowing
A: sense surroundings 1, otherworldly, glowing, explore regen
a: Renounce Religion


You were on level 4 of the Dungeon.
You worshipped Ashenzari.
Ashenzari was noncommittal.
You visited 2 branches of the dungeon, and saw 6 of its levels.

You collected 41 gold pieces.

Inventory:

Hand Weapons
 d - a +0 whip
Armour
 a - a +0 robe (worn)
Potions
 b - a potion of magic


   Skills:
 - Level 2.4 Dodging
 - Level 1.4 Stealth
 - Level 2.6 Spellcasting
 + Level 3.7 Conjurations
 - Level 1.2 Transmutations
 + Level 5.8 Earth Magic


You had 5 spell levels left.
You knew the following spells:

 Your Spells              Type           Power      Damage    Failure   Level
a - Sandblast             Erth           46%        2d11      1%          1
b - Stone Arrow           Conj/Erth      38%        3d9       7%          3

Your spell library contained the following spells:

 Spells                   Type           Power      Damage    Failure   Level
 Passwall                 Tmut/Erth      12%        N/A       6%          2
 Petrify                  Tmut/Erth      15%        N/A       36%         4


Dungeon Overview and Level Annotations

Branches:
Dungeon (5/15) Zot: 2648   Temple (1/1) D:4 Zot: 513

Altars:
Ashenzari
Cheibriados
Makhleb
Ru
Uskayaw
Zin
The Shining One

Annotations:
D:4 Eustachio


Innate Abilities, Weirdness & Mutations

You passively map a small area around you.
You are easily found by Zot.
You glow in the dark.
You regain HP and MP as you explore.


Message History

Confirm with . or Enter, or press ? or * to list all spells.
Aiming: Stone Arrow (dangerous; 8% risk of failure)
Press: ? - help, Shift-Dir - straight line, f/p - orc priest
Aim: an orc priest, wielding a +0 club (almost dead, 68% to hit)
You miscast Stone Arrow.
You are very lightly contaminated with residual magic.
Nothing appears to happen.
The rat completely misses you.
The orc priest mumbles some strange prayers to Beogh against you.
Beogh smites you!
* * * LOW HITPOINT WARNING * * *
Casting: Stone Arrow (dangerous; 8% risk of failure)
Confirm with . or Enter, or press ? or * to list all spells.
You don't have enough magic to cast this spell.
Unknown command.
Casting: Stone Arrow (dangerous; 8% risk of failure)
Confirm with . or Enter, or press ? or * to list all spells.
Aiming: Sandblast (safe; 1% risk of failure)
Press: ? - help, Shift-Dir - straight line, f/p - orc priest
Aim: an orc priest, wielding a +0 club (almost dead, 83% to hit)
The blast of sand hits the orc priest!
You kill the orc priest!
The rat completely misses you. The rat closely misses you.
The orc closely misses you.
You feel your dexterity returning. The rat attacks as you move away!
The rat barely misses you.
The orc shouts!
The orc closely misses you.
Eustachio gestures wildly while chanting.
Eustachio blinks!
The orc attacks as you move away! The orc hits you with a +0 short sword.
* * * LOW HITPOINT WARNING * * *
Casting: Sandblast (safe; 1% risk of failure)
Confirm with . or Enter, or press ? or * to list all spells.
Aiming: Sandblast (safe; 1% risk of failure)
Press: ? - help, Shift-Dir - straight line, f - orc
Aim: an orc, wielding a +0 short sword (83% to hit)
The blast of sand hits the orc!
You kill the orc!
The rat bites you.
You die...

##...@..## ##.......###
###rr...r####..........####
###.##...#..####..##.... *
#.###..r.# ##.##..# * #..#
###r## #..#..#**, ##.## #.#
##...# ###..######.#
##....#
..........).######.....#
.###..#####..r.r@...>.##
##.o.....##.o..)....(..#
..)#.#.#.##.............#
.........##.............#
#..#.#.#.#...............#
##.......#....##.........#
.#.#.#.#....###...#.##....
*
.#.........#..##.###.####.
#.#...####.#####.# ##


You could see a river rat (summoned), an orc and a rat (summoned).

Vanquished Creatures
  A scorpion (D:4)
  An orc priest (D:4)
  A hound (D:4)
  An adder (D:4)
  An ufetubus (D:4)
  A worm (D:4)
  3 orcs (D:4)
  2 ball pythons (D:4)
  3 giant cockroaches
  2 goblins (D:4)
  3 hobgoblins
  3 jackals (D:4)
  2 kobolds
24 creatures vanquished.

Notes
Turn   | Place    | Note
-------+----------+-------------------------------------------
     0 | D:1      | freelancePsychic the Meteoran Earth Elementalist began the
                  | quest for the Orb.
     0 | D:1      | Reached XP level 1. HP: 14/14 MP: 5/5
    67 | D:3      | Reached skill level 4 in Earth Magic
    67 | D:3      | Reached XP level 2. HP: 20/20 MP: 0/6
   164 | D:4      | Found a staircase to the Ecumenical Temple.
   177 | Temple   | Entered the Ecumenical Temple
   234 | Temple   | Became a worshipper of Ashenzari the Shackled
   299 | D:4      | Noticed a hound
   309 | D:4      | Killed a hound
   310 | D:4      | Reached XP level 3. HP: 14/26 MP: 4/8
   310 | D:4      | Reached XP level 4. HP: 18/33 MP: 4/9
   311 | D:4      | Reached skill level 5 in Earth Magic
   339 | D:4      | Learned a level 3 spell: Stone Arrow
   351 | D:5      | Entered Level 5 of the Dungeon
   351 | D:5      | Noticed a scorpion
   351 | D:5      | Noticed a scorpion
   357 | D:4      | HP: 1/33 [scorpion (5)]
   360 | D:4      | Killed a scorpion
   361 | D:4      | Reached XP level 5. HP: 21/38 MP: 5/10
   365 | D:4      | Noticed Eustachio
   418 | D:4      | HP: 1/38 [orc/+0 short sword (4)]
   419 | D:4      | Slain by a rat

Illustrated notes

Levels and vault maps discovered:
D:1:      ebering_trefoil_3fold, layout_basic, hellmonk_ecumenical_altar_zigzags
D:2:      minmay_angry_zag, layout_basic, basic_altar, uniq_sigmund, uniq_robin
D:3:      layout_loops_cross, minitemple, hex_tiny, minmay_fountain_box,
          st_stairs_3, kennysheep_minor_cross, kennysheep_cross_room,
          reono_crystal_passage, kennysheep_path_1, bh_walls_and_bars
D:4:      layout_layer_cave, tgw_xom, minmay_temple_entry_antechambers,
          serial_glass, glass_columns_a, glass_columns_a, glass_columns_c,
          glass_columns_b, glass_columns_c, glass_columns_b, uniq_eustachio,
          uniq_menkaure
D:5:      layout_loops_ring, fedhas_altar_3, nrook_loot_triangle,
          minmay_lizard_king
Temple:   grunt_temple_mini_profane

Skill      XL: |  1  2  3  4 |
---------------+-------------+-----
Earth Magic    | 4 5 |  5.8
Conjurations   | 2 3 |  3.7
Dodging        | |  2.4
Stealth        | |  1.4
Spellcasting   | |  2.6
Transmutations | |  1.2

Action                   |  1- 3 |  4- 6 || total
-------------------------+-------+-------++-------
 Cast: Sandblast         |    17 |    19 ||    36
       Stone Arrow       |       |     1 ||     1
  Use: Scroll            |     3 |       ||     3
       Potion            |       |     2 ||     2
Armor: Robe              |     1 |     9 ||    10
Dodge: Dodged            |     7 |    31 ||    38
